 Dungeon Crawl Stone Soup version 0.28.0-53-g5a82cb258f (webtiles) character file.

Game seed: 15546320818289035948

78 mobama the Covered (level 4, 0/40 HPs)
             Began as a Hill Orc Fighter on June 2, 2022.
             Was a Follower of Okawaru.
             Slain by a gnoll
             ... wielding a +0 halberd
              (4 damage)
             ... on level 2 of the Dungeon.
             The game lasted 00:02:44 (1262 turns).

mobama the Covered (Hill Orc Fighter)               Turns: 1262, Time: 00:02:45

Health: 0/40       AC:  8    Str: 20    XL:     4   Next: 36%
Magic:  2/4        EV:  9    Int:  8    God:    Okawaru [*.....]
Gold:   91         SH:  4    Dex: 10    Spells: 3/3 levels left

rFire   . . .      SeeInvis .   h - +2 short sword (venom)
rCold   . . .      Faith    .   c - +0 buckler
rNeg    . . .      Spirit   .   b - +0 scale mail
rPois   .          Reflect  .   (no helmet)
rElec   .          Harm     .   (no cloak)
rCorr   .          Rampage  .   i - +0 pair of gloves
Will    .....                   (no boots)
Stlth   ..........              (no amulet)
HPRegen 0.13/turn               (no ring)
MPRegen 0.09/turn               (no ring)

@: mighty
A: no striking features
a: Renounce Religion, Heroism


You were on level 2 of the Dungeon.
You worshipped Okawaru.
Okawaru was aware of your devotion.
You visited 1 branch of the dungeon, and saw 2 of its levels.

You collected 91 gold pieces.

Inventory:

Hand Weapons
 a - a +1 war axe
 h - a +2 short sword of venom (weapon)
Missiles
 e - 2 atropa-tipped darts (quivered)
Armour
 b - a +0 scale mail (worn)
 c - a +0 buckler (worn)
 i - a +0 pair of gloves (worn)
Jewellery
 j - an amulet of faith
Scrolls
 f - 2 scrolls of identify {unknown}
Potions
 d - a potion of might
 g - a potion of flight {unknown}


   Skills:
 + Level 4.1 Fighting
 + Level 0.3 Short Blades
 + Level 3.3 Axes
 + Level 4.4 Armour
 + Level 0.6 Stealth
 + Level 3.5 Shields


You had 3 spell levels left.
You didn't know any spells.
Your spell library contained the following spells:

 Spells                   Type           Power      Damage    Failure   Level
 Sandblast                Erth           0%         2d4       83%         1
 Passwall                 Tmut/Erth      0%         N/A       93%         2
 Stone Arrow              Conj/Erth      0%         3d7       99%         3


Dungeon Overview and Level Annotations

Branches:
Dungeon (2/15)

Altars:
Okawaru


Message History

The frilled lizard bites you but does no damage.
You hit the frilled lizard.
You kill the frilled lizard!
Okawaru accepts your kill.
The gnoll hits you from afar with a +0 halberd.
You barely miss the gnoll. The gnoll hits you with a +0 club.
The gnoll closely misses you.
You are too injured to fight recklessly!
You are too injured to fight recklessly!
You are too injured to fight recklessly!
You are too injured to fight recklessly!
You are too injured to fight recklessly!
You are too injured to fight recklessly!
You closely miss the gnoll. You block the gnoll's attack.
You closely miss the gnoll. The gnoll barely misses you.
The gnoll hits you but does no damage.
You barely miss the gnoll.
You feel like a meek peon again.
The gnoll hits you from afar with a +0 halberd.
You hit the gnoll.
The gnoll is poisoned.
The gnoll is heavily wounded.
The gnoll hits you with a +0 club. The gnoll hits you but does no damage.
You completely miss the gnoll.
The gnoll is heavily wounded.
The gnoll hits you but does no damage.
The gnoll hits you from afar with a +0 halberd!
* * * LOW HITPOINT WARNING * * *
The gnoll barely misses you.
You puncture the gnoll!
You kill the gnoll!
Okawaru accepts your kill. The gnoll hits you but does no damage.
You feel very mighty all of a sudden. You block the gnoll's attack.
Found a golden ring.
The gnoll hits you with a +0 halberd.
* * * LOW HITPOINT WARNING * * *
You hit the gnoll.
The gnoll is poisoned.
The gnoll is heavily wounded.
The gnoll hits you with a +0 halberd.
You die...

........###.#####
........##......#
........##..###.###
.............# .#
.......###.#.####.#
##.###.# #......#.#
#.# #.# #...##.#.#
#.###.####.(##)#.#
#..............@g#
##.###.##.#.###)#.#
....##.##.#.# #.#.#
...###... <.. ...=.
####
#.#.......(###.
#.#.####..## .# #.#
# ... # #.# ##..


You could see a gnoll (very poisoned).

Vanquished Creatures
  3 gnolls (D:2)
  An adder (D:2)
  A worm (D:2)
  3 dart slugs
  2 bats
  An endoplasm (D:2)
  3 giant cockroaches
  4 hobgoblins (D:1)
  5 ball pythons
  3 frilled lizards
  3 goblins
  3 rats
32 creatures vanquished.

Notes
Turn   | Place    | Note
-------+----------+-------------------------------------------
     0 | D:1      | mobama the Hill Orc Fighter began the quest for the Orb.
     0 | D:1      | Reached XP level 1. HP: 19/19 MP: 1/1
   115 | D:1      | Reached XP level 2. HP: 23/27 MP: 2/2
   200 | D:1      | Found a faded altar of an unknown god.
   371 | D:1      | Prayed at the altar of an unknown god.
   371 | D:1      | Became a worshipper of Warmaster Okawaru
   371 | D:1      | Reached * piety under Okawaru
   875 | D:2      | Reached XP level 3. HP: 33/33 MP: 3/3
  1248 | D:2      | Reached XP level 4. HP: 25/40 MP: 1/4
  1262 | D:2      | Slain by a gnoll

Illustrated notes

Levels and vault maps discovered:
D:1:      kennysheep_arrival_forest, layout_basic,
          hellmonk_ecumenical_altar_crossroads
D:2:      layout_basic, basic_altar

Skill      XL: |  1  2  3 |
---------------+----------+-----
Armour         | 4 |  4.4
Axes           | 3 |  3.3
Fighting       | 4 |  4.1
Short Blades   | |  0.3
Stealth        | |  0.6
Shields        | |  3.5

Action                   |  1- 3 |  4- 6 || total
-------------------------+-------+-------++-------
Melee: War axe           |    47 |       ||    47
       Short sword       |    35 |    13 ||    48
Invok: Heroism           |     1 |       ||     1
  Use: Scroll            |     1 |       ||     1
       Potion            |       |     1 ||     1
Armor: Scale mail        |    37 |     8 ||    45
Dodge: Dodged            |    37 |     7 ||    44
Block: Buckler           |    22 |     4 ||    26
